 Dungeon Crawl Stone Soup version 0.31.0-32-g396128a36d (webtiles) character file.

Game seed: 12805128715794024498

5798 Silvore the Basher (level 10, -25/90 HPs)
             Began as a Minotaur Fighter on Mar 9, 2024.
             Was a Believer of Zin.
             Annihilated by a very large slime creature (48 damage)
             ... on level 10 of the Dungeon.
             The game lasted 00:08:50 (6516 turns).

Silvore the Basher (Minotaur Fighter)               Turns: 6516, Time: 00:08:51

Health: -25/90     AC: 29    Str: 25    XL:     10   Next: 50%
Magic:  9/9        EV:  9    Int:  8    God:    Zin [**....]
Gold:   204        SH:  6    Dex: 10    Spells: 9/9 levels left

rFire   + . .        C - +6 hammer of Jeathic {holy, rF+}
rCold   . . .        c - +1 buckler
rNeg    . . .        e - +8 orange crystal plate armour {Archmagi, Int+3 Clar}
rPois   .            (helmet restricted)
rElec   .            A - +0 cloak
rCorr   .            (no gloves)
SInv    .            (no boots)
Will    .....        D - amulet of regeneration Stlth
                     w - ring of flight
HPRegen 1.15/turn    v - +5 ring of evasion
MPRegen 0.11/turn

%: clarity, archmagi
@: flying, studying Conjurations
A: horns 2, retaliatory headbutt
a: Renounce Religion, Recite, Vitalisation, Donate Gold


You were on level 10 of the Dungeon.
You worshipped Zin.
Zin was pleased with you.
You visited 2 branches of the dungeon, and saw 11 of its levels.

You collected 548 gold pieces.
You spent 176 gold pieces at shops.
You donated 168 gold pieces to Zin.

Inventory:

Hand Weapons
 a - a +1 war axe
 p - the +6 mace "Guyr" {freeze, rElec rC+ rN+ Str+3}
   (You bought it in a shop on level 2 of the Dungeon)

   Str+3:     It affects your strength (+3).
   rC+:       It protects you from cold.
   rElec:     It insulates you from electricity.
   rN+:       It protects you from negative energy.
 C - the +6 hammer of Jeathic (weapon) {holy, rF+}
   (You found it on level 6 of the Dungeon)

   rF+:       It protects you from fire.
Armour
 b - a +0 scale mail
 c - a +1 buckler (worn)
 e - the +8 orange crystal plate armour (worn) {Archmagi, Int+3 Clar}
   (You acquired it on level 1 of the Dungeon)

   Int+3:     It affects your intelligence (+3).
   Clar:      It protects you from confusion, rage, mesmerisation and fear.
 A - a +0 cloak (worn)
Jewellery
 k - a ring of fire
 n - a ring of resist corrosion
 v - a +5 ring of evasion (right hand)
 w - a ring of flight (left hand)
 D - an amulet of regeneration (around neck)
 G - a ring of ice
Wands
 s - a wand of polymorph (9)
 u - a wand of roots (5)
Scrolls
 d - a scroll of noise
 j - 2 scrolls of fog
 r - a scroll of enchant armour
 x - a scroll of vulnerability
 y - 4 scrolls of enchant weapon
 B - a scroll of fear
 F - a scroll of summoning {unknown}
 H - a scroll of blinking {unknown}
 I - a scroll of teleportation
Potions
 f - a potion of enlightenment
 g - 2 potions of invisibility
 h - a potion of cancellation
 i - a potion of degeneration
 l - a potion of resistance
 m - a potion of magic
 o - a potion of mutation {unknown}
 q - 2 potions of brilliance {unknown}
 t - 4 potions of curing
 z - a potion of attraction {unknown}
 E - a potion of haste {unknown}


   Skills:
 + Level 8.9 Fighting
 + Level 7.6(10.5) Axes
 + Level 11.3(12.2) Maces & Flails
 + Level 8.9 Armour
 + Level 7.7 Shields


You had 9 spell levels left.
You didn't know any spells.
Your spell library contained the following spells:

 Spells                   Type           Power      Damage    Failure   Level
 Blink                    Tloc           0%         N/A       100%        2
 Call Imp                 Summ           0%         N/A       100%        2
 Lesser Beckoning         Tloc           0%         N/A       100%        2
 Momentum Strike          Conj/Tloc      0%         3d8       100%        2
 Sublimation of Blood     Necr           0%         N/A       100%        2
 Dazzling Flash           Conj/Hex       0%         N/A       100%        3
 Fugue of the Fallen      Necr           0%         N/A       100%        3
 Ozocubu's Armour         Ice            0%         N/A       100%        3
 Volatile Blastmotes      Fire/Tloc      0%         2d10      100%        3
 Manifold Assault         Tloc           0%         N/A       100%        4
 Starburst                Conj/Fire      0%         6d3       100%        6
 Summon Hydra             Summ           0%         N/A       100%        7
 Maxwell's Capacitive Co  Air            0%         ∞         100%        8


Dungeon Overview and Level Annotations

Branches:
Dungeon (10/15)            Temple (1/1) D:7
   Lair: D:8-11         Orc: D:9-12

Altars:
Ashenzari
Cheibriados
Dithmenos
Elyvilon
Fedhas
Gozag
Hepliaklqana
Kikubaaqudgha
Makhleb
Nemelex Xobeh
Okawaru
Qazlal
Ru
Sif Muna
Trog
Uskayaw
Vehumet
Wu Jian
Xom
Yredelemnul
Zin
The Shining One

Shops:
D:2 *   D:4 :   D:6 :   D:9 (

Annotations:
D:8 1 transporter


Innate Abilities, Weirdness & Mutations

You have a pair of horns on your head.
You reflexively headbutt those who attack you in melee.


Message History

A large slime creature splits.
The large slime creature hits you!
* * * LOW HITPOINT WARNING * * *
You fly downwards.
Found a dagger.
There is a stone staircase leading up here.
You sock the slime creature! You headbutt the slime creature!
The slime creature is heavily wounded.
You completely miss the slime creature. You headbutt the slime creature.
The slime creature is severely wounded.
The slime creature hits you but does no damage.
The large slime creature barely misses you.
The slime creature closely misses you. You furiously retaliate!
You headbutt the slime creature! You sock the slime creature!
You kill the slime creature!
You block the slime creature's attack.
You block the large slime creature's attack.
The slime creature closely misses you.
The slime creature attacks as it pursues you!
The slime creature barely misses you. You furiously retaliate!
You headbutt the slime creature!
Two slime creatures merge to form a very large slime creature.
Found a stone staircase leading down.
You hit the very large slime creature.
The very large slime creature is moderately wounded.
The very large slime creature closely misses you.
You sock the very large slime creature!
You headbutt the very large slime creature.
The very large slime creature is moderately wounded.
The very large slime creature hits you!!
* * * LOW HITPOINT WARNING * * *
You bludgeon the very large slime creature!!
You headbutt the very large slime creature.
The very large slime creature is heavily wounded.
You barely miss the very large slime creature.
Your headbutt misses the very large slime creature.
The very large slime creature is heavily wounded.
The very large slime creature hits you!!!
Ouch! That really hurt!
You die...

.>. ..# #.# #.#
#.# #.# #.####.#
#.#....#
#.#.##.#####)# #
#........<...#
#.#.#######.####
#.....J@....#
#.#########.# #.
#.. # ..# ###


You could see a very large slime creature.

Vanquished Creatures
  A cyclops (D:7)
  Joseph (D:8)
  A slime creature (D:10)
  5 yaks (D:8)
  Grum (D:8)
  A vampire (D:7)
  2 steam dragons
  3 water moccasins
  3 sky beasts
  Duvessa (D:4)
  An orc warrior (D:7)
  3 ice beasts
  A black bear (D:5)
  A centaur (D:8)
  2 wolves (D:8)
  An ogre (D:6)
  A phantom (D:5)
  A gnoll sergeant (D:9)
  5 bullfrogs
  2 scorpions
  12 wights
  Dowan (D:4)
  3 hounds
  A bombardier beetle (D:3)
  Crazy Yiuf (D:6)
  6 orc priests
  2 iguanas
  2 gnoll boudas
  6 orc wizards
  5 sleepcaps
  Robin (D:3)
  12 gnolls
  3 adders
  A shadow imp (D:6)
  2 white imps
  4 dart slugs
  A ribbon worm (D:2)
  39 orcs
  6 endoplasms
  3 giant cockroaches
  17 goblins
  7 hobgoblins
  2 jackals (D:1)
  3 kobolds
  2 quokkas
  9 ball pythons
  10 bats
  3 frilled lizards
  6 rats
207 creatures vanquished.

Notes
Turn   | Place    | Note
-------+----------+-------------------------------------------
     0 | D:1      | Silvore the Minotaur Fighter began the quest for the Orb.
     0 | D:1      | Reached XP level 1. HP: 19/19 MP: 0/0
   204 | D:1      | Reached XP level 2. HP: 23/27 MP: 1/1
   600 | D:1      | Reached XP level 3. HP: 33/33 MP: 2/2
   709 | D:1      | Identified a scroll of acquirement
   709 | D:1      | Acquired the +8 orange crystal plate armour {Archmagi,
                  | Int+3 Clar}
   709 | D:1      | Found the +8 orange crystal plate armour {Archmagi, Int+3
                  | Clar}
   736 | D:2      | Found a bloodstained altar of Trog.
   736 | D:2      | Found Bukenub's Assorted Antiques.
  1223 | D:3      | Noticed Robin
  1329 | D:3      | Reached XP level 4. HP: 40/40 MP: 3/3
  1398 | D:3      | Killed Robin
  1665 | D:3      | Reached XP level 5. HP: 37/47 MP: 4/4
  2035 | D:4      | Noticed Duvessa
  2035 | D:4      | Noticed Dowan
  2055 | D:4      | Killed Duvessa
  2056 | D:4      | Reached skill level 5 in Axes
  2059 | D:4      | Killed Dowan
  2060 | D:4      | Reached XP level 6. HP: 36/55 MP: 5/5
  2235 | D:4      | You fall into a shaft and drop 1 floor!
  2235 | D:5      | Entered Level 5 of the Dungeon
  2280 | D:4      | Identified the +4 ring mail of the Turtle {Slay+2}
  2409 | D:2      | Bought a bloodstained mace for 176 gold pieces
  2409 | D:2      | Identified the +6 mace "Guyr" {freeze, rElec rC+ rN+ Str+3}
                  | (You bought it in a shop on level 2 of the Dungeon)
  2582 | D:4      | Found a radiant altar of Vehumet.
  2722 | D:4      | Found Viaxu's Book Emporium.
  2744 | D:4      | Found a stormy altar of Qazlal.
  2943 | D:4      | Found a bloodstained altar of Trog.
  3211 | D:5      | Reached skill level 5 in Fighting
  3260 | D:5      | Reached skill level 5 in Armour
  3267 | D:5      | Noticed a water moccasin
  3280 | D:5      | Killed a water moccasin
  3281 | D:5      | Reached XP level 7. HP: 39/61 MP: 6/6
  3388 | D:5      | Reached skill level 1 in Maces & Flails
  3483 | D:5      | Reached skill level 2 in Maces & Flails
  3492 | D:5      | Reached skill level 3 in Maces & Flails
  3492 | D:5      | Reached skill level 5 in Shields
  3493 | D:5      | Reached XP level 8. HP: 70/70 MP: 7/7
  3761 | D:6      | Reached skill level 4 in Maces & Flails
  3825 | D:6      | Reached skill level 5 in Maces & Flails
  3886 | D:6      | Found Qoenoto's Tiny Tomes.
  3918 | D:6      | Reached skill level 6 in Maces & Flails
  4318 | D:6      | Found a runed translucent door.
  4319 | D:6      | Noticed Crazy Yiuf
  4326 | D:6      | Killed Crazy Yiuf
  4327 | D:6      | Reached skill level 7 in Maces & Flails
  4330 | D:6      | Identified the +6 hammer of Jeathic {holy, rF+}
  4626 | D:7      | Reached XP level 9. HP: 76/78 MP: 8/8
  4705 | D:7      | Reached skill level 8 in Maces & Flails
  4764 | D:7      | Noticed a cyclops
  4779 | D:7      | Killed a cyclops
  4780 | D:7      | Reached skill level 9 in Maces & Flails
  5231 | D:7      | Found a staircase to the Ecumenical Temple.
  5244 | Temple   | Entered the Ecumenical Temple
  5253 | Temple   | Became a worshipper of Zin the Law-Giver
  5253 | Temple   | Reached * piety under Zin
  5260 | Temple   | Donated 131 gold pieces to Zin
  5350 | D:7      | Found a broken altar of Ashenzari.
  5409 | D:8      | Reached skill level 10 in Maces & Flails
  5499 | D:8      | Reached ** piety under Zin
  5500 | D:8      | Noticed Joseph
  5516 | D:8      | Killed Joseph
  5573 | D:8      | Reached XP level 10. HP: 61/88 MP: 9/9
  5657 | D:8      | Found an ancient bone altar of Kikubaaqudgha.
  5683 | D:8      | Found a transporter.
  5811 | D:8      | Noticed Grum
  5830 | D:8      | Killed Grum
  5831 | D:8      | Reached skill level 11 in Maces & Flails
  5997 | D:8      | Found a shimmering altar of Xom.
  5998 | D:8      | Found an opulent altar of Gozag.
  6000 | D:8      | Found a blossoming altar of Fedhas.
  6142 | D:9      | Found Foes's Antique Weapon Boutique.
  6492 | D:9      | Zin protects you from harm!
  6496 | D:10     | Entered Level 10 of the Dungeon
  6516 | D:10     | Annihilated by a very large slime creature

Illustrated notes

Levels and vault maps discovered:
D:1:      mrwooster_arrival_statue, layout_basic
D:2:      layout_basic, serial_shops, nicolae_shop_tiny_statue_garden,
          basic_altar, st_stairs_13, interstate_on_off
D:3:      layout_rooms, serial_rivers, chequers_serial_rivers_micro_b,
          chequers_serial_rivers_micro_e, chequers_serial_rivers_marsh,
          chequers_serial_rivers_small_3, chequers_serial_rivers_micro_b,
          chequers_serial_rivers_room_b, roderic_batcave,
          chequers_serial_rivers_small_b, uniq_robin
D:4:      layout_cave_pods, marbit_many_paths, mainiacjoe_overflow_tiny_flanked,
          mainiacjoe_overflow_alcove_1, serial_shops, shop,
          minmay_misc_feat_columns, palyth_stone_intersect,
          hangedman_decor_push, uniq_duvessa
D:5:      layout_cave_pools, kennysheep_diamond
D:6:      layout_basic, minmay_curled_crystal,
          nicolae_shop_i_like_small_books_too, uniq_crazy_yiuf_cottage
D:7:      layout_rooms, general_overflow_altar, minmay_temple_entry_large_hall,
          grunt_ministairs_4, minmay_manual_mail
D:8:      layout_cave_pools, minitemple, nicolae_diode_basic, uniq_grum,
          uniq_joseph
D:9:      layout_irregular_city, serial_shops, shop
D:10:     layout_basic, dpeg_oklobed_lair,
          kennysheep_orc_monster_closet_entryway, dreamdust_princess_corridor
Temple:   nicolae_temple_bog_church

Skill      XL: |  1  2  3  4  5  6  7  8  9 10 |
---------------+-------------------------------+-----
Shields        | 4 5 7 |  7.7
Armour         | 4 5 6 8 |  8.9
Fighting       | 4 5 6 8 |  8.9
Axes           | 3 4 5 6 7 |  7.6
Maces & Flails | 3 7 10 11 | 11.3

Action                     |  1- 3 |  4- 6 |  7- 9 | 10-12 || total
---------------------------+-------+-------+-------+-------++-------
  Melee: War axe           |    76 |    72 |       |       ||   148
         Headbutt          |    16 |    14 |    49 |    21 ||   100
         Mace              |       |    21 |   250 |   120 ||   391
 Invoke: Donate Gold       |       |       |     1 |       ||     1
    Use: Scroll            |     7 |     6 |     4 |     1 ||    18
         Potion            |       |     1 |       |       ||     1
 Armour: Scale mail        |    21 |       |       |       ||    21
         Crystal plate arm |    53 |   107 |   200 |   127 ||   487
  Dodge: Dodged            |    16 |    19 |    82 |    62 ||   179
  Block: Buckler           |    17 |    20 |    72 |    56 ||   165
